 Dungeon Crawl Stone Soup version 0.32-a0-12-g7fc57aa741 (webtiles) character file.

Game seed: 7359377327167131663

132 mopl the Caller (level 5, -2/28 HPs)
             Began as a Tengu Summoner on Jan 14, 2024.
             Killed by divine providence
             ... invoked by an orc priest
              (13 damage)
             ... on level 3 of the Dungeon.
             The game lasted 00:03:18 (1594 turns).

mopl the Caller (Tengu Summoner)                    Turns: 1594, Time: 00:03:18

Health: -2/28      AC:  3    Str:  8    XL:     5   Next: 15%
Magic:  6/11       EV: 12    Int: 18    God:
Gold:   162        SH:  0    Dex: 14    Spells: 5/11 levels left

rFire   . . .        a - +0 trident
rCold   . . .        (no shield)
rNeg    . . .        o - +1 animal skin
rPois   .            (helmet restricted)
rElec   .            (no cloak)
rCorr   .            (no gloves)
SInv    .            (boots unavailable)
Will    +....        (no amulet)
Stlth   ++           r - ring of willpower
HPRegen 0.24/turn    (no ring)
MPRegen 0.12/turn

%: acrobat
@: unable to call your familiar, very slightly contaminated
A: beak, talons 3, acrobatic
a: no special abilities


You were on level 3 of the Dungeon.
You visited 1 branch of the dungeon, and saw 3 of its levels.

You collected 162 gold pieces.

Inventory:

Hand Weapons
 a - a +0 trident (weapon)
Missiles
 p - a boomerang
Armour
 o - a +1 animal skin (worn)
Jewellery
 r - a ring of willpower (left hand)
Scrolls
 d - 2 scrolls of identify {unknown}
 f - a scroll of fog {unknown}
 g - a scroll of acquirement {unknown}
 i - 2 scrolls of blinking {unknown}
 j - a scroll of enchant weapon {unknown}
 l - a scroll of noise {unknown}
 m - a scroll of teleportation {unknown}
 n - a scroll of immolation {unknown}
 q - 2 scrolls of silence {unknown}
Potions
 b - a potion of magic
 c - a potion of heal wounds {unknown}
 e - a potion of cancellation {unknown}
 h - 2 potions of attraction {unknown}
 k - a potion of lignification {unknown}


   Skills:
 - Level 2.1 Dodging
 - Level 2.0 Stealth
 + Level 3.6 Spellcasting
 + Level 6.3 Summonings


You had 5 spell levels left.
You knew the following spells:

 Your Spells              Type           Power      Damage    Failure   Level
a - Summon Small Mammal   Summ           100%       N/A       1%          1
b - Call Imp              Summ           52%        N/A       1%          2
c - Call Canine Familiar  Summ           26%        N/A       3%          3

Your spell library contained the following spells:

 Spells                   Type           Power      Damage    Failure   Level
 Magic Dart               Conj           12%        1d3       16%         1
 Blink                    Tloc           6%         N/A       24%         2
 Cigotuvi's Dreadful Rot  Necr/Alch/Air  6%         N/A       24%         2
 Summon Blazeheart Golem  Fire/Summ      14%        N/A       38%         4
 Summon Lightning Spire   Summ/Air       14%        N/A       38%         4
 Ignite Poison            Fire/Alch      3%         N/A       83%         4
 Freezing Cloud           Conj/Ice/Air   1%         6-21      99%         5


Dungeon Overview and Level Annotations

Branches:
Dungeon (3/15)

Altars:
Cheibriados
Qazlal
Yredelemnul

Shops:
D:1 (


Innate Abilities, Weirdness & Mutations

You have a beak for a mouth.
You have claws for feet.
You can magically evade attacks while moving or waiting.


Message History

The orc priest barely misses your cerulean imp.
Unknown command.
You reach to attack!
You hit the orc priest but do no damage.
The orc priest is severely wounded.
Your cerulean imp hits the orc priest but does no damage.
The orc priest closely misses your cerulean imp.
Your cerulean imp closely misses the orc priest.
Unknown command.
You reach to attack!
You barely miss the orc priest.
The orc priest is severely wounded.
The orc priest hits your cerulean imp with a +0 flail!
Your cerulean imp dies!
Your cerulean imp disappears in a puff of smoke!
Unknown command.
Casting: Call Imp (safe; 1% risk of failure)
Confirm with . or Enter, or press ? or * to list all spells.
You miscast Call Imp.
You are very lightly contaminated with residual magic.
Nothing appears to happen.
The orc priest calls down the wrath of Beogh upon you.
Beogh smites you!
Casting: Call Imp (safe; 1% risk of failure)
Confirm with . or Enter, or press ? or * to list all spells.
A tiny devil pulls itself out of the air.
The orc priest invokes the aid of Beogh against you.
You resist with some effort.
Unknown command.
Unknown command.
You are too injured to fight recklessly!
You are too injured to fight recklessly!
You are too injured to fight recklessly!
Reach: a) +0 trident
Press: ? - help, Dir - move target, f/p - orc priest
Aim: an orc priest, wielding a +0 flail and wearing a +0 ring mail (severely wounded, ally target, about 40% to evade your +0 trident)
You reach to attack!
You closely miss the orc priest.
The orc priest is severely wounded.
The orc priest mumbles some strange prayers to Beogh against you.
Beogh smites you!
You die...

########.#)#
#.....#.#
#.##..#.#
#..#.#
#....#
##.### #.#
#.#####.#
#.....@5#
#######.#
#o# #o# #S#
.r# o## ..
~.


You could see an orc priest (ally target), an orc, a ball python, a rat and a
friendly cerulean imp (summoned).

Vanquished Creatures
  2 adders
  2 dart slugs
  4 orcs
  3 ball pythons
  2 bats
  2 endoplasms
  3 goblins
  2 hobgoblins
  2 jackals (D:1)
  A quokka (D:1)
  4 kobolds
  6 rats
33 creatures vanquished.

Vanquished Creatures (collateral kills)
  An orc priest (D:3)
  Robin (D:2)
  A dart slug (D:2)
  3 orcs (D:3)
  2 giant cockroaches
  6 goblins (D:2)
  5 hobgoblins (D:2)
  2 jackals (D:1)
  2 frilled lizards
  A kobold (D:2)
24 creatures vanquished.

Grand Total: 57 creatures vanquished

Notes
Turn   | Place    | Note
-------+----------+-------------------------------------------
     0 | D:1      | mopl the Tengu Summoner began the quest for the Orb.
     0 | D:1      | Reached XP level 1. HP: 10/10 MP: 4/4
    76 | D:1      | Reached skill level 5 in Summonings
   135 | D:1      | Reached XP level 2. HP: 11/15 MP: 6/6
   213 | D:1      | Learned a level 2 spell: Call Imp
   299 | D:1      | Found Tesucui's Antique Weapon Boutique.
   518 | D:1      | Reached XP level 3. HP: 19/19 MP: 7/7
   651 | D:1      | Found a stormy altar of Qazlal.
   656 | D:1      | Learned a level 3 spell: Call Canine Familiar
   887 | D:2      | Noticed Robin
   901 | D:2      | Reached skill level 3 in Spellcasting
   906 | D:2      | Killed Robin
   907 | D:2      | Reached XP level 4. HP: 15/24 MP: 4/9
  1147 | D:3      | Found a snail-covered altar of Cheibriados.
  1295 | D:2      | Reached skill level 6 in Summonings
  1484 | D:3      | Reached XP level 5. HP: 28/28 MP: 11/11
  1518 | D:3      | Found a basalt altar of Yredelemnul.
  1537 | D:3      | Found a faded altar of an unknown god.
  1594 | D:3      | Killed from afar by an orc priest

Illustrated notes

Levels and vault maps discovered:
D:1:      dpeg_arrival_water_altar, layout_rooms, serial_shops,
          nicolae_shop_trees
D:2:      layout_rooms, uniq_robin
D:3:      layout_basic, old_standard_altar, nicolae_overflow_crystal_walls,
          chequers_ecumenical_altar_twisty, moated_statue, corner_web_ring

Skill      XL: |  1  2  3  4 |
---------------+-------------+-----
Summonings     | 5 6 |  6.3
Spellcasting   | 3 |  3.6
Dodging        | |  2.1
Stealth        | |  2.0

Action                     |  1- 3 |  4- 6 || total
---------------------------+-------+-------++-------
  Melee: Unarmed           |    89 |    49 ||   138
         Kick              |    23 |    22 ||    45
         Peck              |    17 |     7 ||    24
         Punch             |       |     2 ||     2
         Trident           |       |    14 ||    14
   Cast: Summon Small Mamm |     2 |       ||     2
         Call Canine Famil |     2 |     2 ||     4
         Call Imp          |     2 |     2 ||     4
   Stab: Sleeping          |     3 |     1 ||     4
         Distracted        |     1 |     1 ||     2
 Armour: Robe              |    54 |       ||    54
         Animal skin       |       |    34 ||    34
  Dodge: Dodged            |    77 |    56 ||   133

Table legend: (Time is in decaauts)
 A = Elapsed time spent in this place.
 B = Non-inter-level travel time spent in this place.
 C = Inter-level travel time spent in this place.
 D = Time resting spent in this place.
 E = Time spent auto-exploring this place.
 F = Levels seen in this place.
 G = Mean time per level.
                   A        B        C        D        E       F      G
               +--------+--------+--------+--------+--------+-----+--------+
         Total |   1604 |   1546 |     58 |    226 |    769 |   3 |  534.7 |
       Dungeon |   1604 |   1546 |     58 |    226 |    769 |   3 |  534.7 |
               +--------+--------+--------+--------+--------+-----+--------+

Top non-repeatable levels by time:
     D:1: 698 daAuts
     D:2: 597 daAuts
     D:3: 308 daAuts
